Map: Backwater LE

Players

JeiNex - Winner!

  • Race: Zerg Zerg
  • League: Diamond
  • Spawn Location: 5:00

Maximus

  • Race: Terran Terran
  • League: Diamond
  • Spawn Location: 11:00

VOD

Have the link to the VOD?

Description

Time

  • Played on: Feb. 26, 2018, 12:17 a.m.
  • Length: 15:50
Show
View Real Time Build Order
Export as new Build Order

JeiNex Zerg - Winner!

Build Orders: Hatch First, Zergling Baneling 

Get SALT Encoding   

  12  0:01  Drone  
  13  0:12  Overlord  
  13  0:25  Drone  
  14  0:32  Drone x2  
  16  0:37  Drone  
  17  0:54  Hatchery  
  16  1:00  Drone x2  
  16  1:03  Extractor  
  17  1:17  Spawning Pool  
  16  1:23  Drone x2  
  18  1:31  Drone  
  19  1:42  Overlord  
  19  2:03  Metabolic Boost  
  19  2:05  Queen  
  19  2:06  Queen  
  19  2:08  Zergling x2  
  24  2:09  Zergling x2  
  24  2:12  Drone  
  26  2:15  Drone  
  26  2:20  Drone  
  28  2:24  Drone  
  29  2:31  Baneling Nest  
  29  2:35  Drone x2  
  30  2:52  Overlord  
  30  2:56  Drone x2  
  30  2:57  Drone  
  33  3:05  Drone  
  34  3:07  Drone  
  35  3:20  Overlord x2  
  35  3:29  Drone  
  35  3:30  Drone x4  
  35  3:32  Hatchery  
  39  3:40  Queen  
  40  3:43  Spine Crawler  
  39  3:49  Overlord  
  39  3:50  Zergling x4  
  39  3:51  Zergling x2  
  42  3:57  Zergling x2  
  42  3:58  Zergling x6  
  46  4:07  Lair  
  46  4:09  Drone x2  
  48  4:10  Drone  
  49  4:20  Queen  
  51  4:24  Overlord  
  51  4:25  Overlord  
  51  4:28  Drone  
  51  4:29  Drone x3  
  51  4:31  Baneling x2  
  55  4:32  Baneling x2  
  55  4:33  Baneling  
  55  4:34  Baneling  
  55  4:35  Baneling  
  55  4:36  Baneling  
  55  4:37  Baneling  
  55  4:43  Drone  
  55  4:44  Drone x3  
  56  4:59  Zergling x2  
  53  5:00  Zergling x4  
  53  5:01  Zergling x16  
  59  5:25  Drone x6  
  66  5:31  Queen  
  67  5:39  Queen  
  67  5:41  Overlord x2  
  68  5:46  Extractor x2, Hydralisk Den  
  68  5:48  Extractor  
  64  5:51  Drone x3  
  67  5:58  Overseer  
  67  6:04  Hatchery, Drone  
  67  6:05  Drone x2  
  67  6:06  Drone x3  
  67  6:08  Drone  
  67  6:11  Centrifical Hooks  
  73  6:20  Drone x3  
  73  6:23  Drone x2  
  76  6:52  Spore Crawler  
  76  6:53  Spore Crawler  
  74  6:54  Drone  
  74  6:55  Hydralisk x5, Drone  
  74  6:59  Grooved Spines  
  81  7:09  Zergling x18  
  81  7:12  Overlord x4  
  88  7:30  Drone x3  
  88  7:34  Drone x2  
  93  7:38  Drone x2  
  93  7:39  Drone x2  
  93  7:40  Overlord x5, Evolution Chamber  
  93  7:41  Evolution Chamber  
  95  7:44  Drone x2  
  95  7:45  Drone x3  
  95  7:49  Queen x4  
  108  7:56  Extractor  
  108  7:57  Extractor, Drone x3  
  108  7:58  Overlord x3  
  109  8:02  Drone  
  109  8:04  Baneling x10  
  110  8:09  Drone x2  
  110  8:10  Drone x2  
  114  8:13  Drone x3  
  114  8:14  Drone  
  114  8:18  Zerg Melee Weapons Level 1  
  114  8:19  Zerg Ground Armor Level 1  
  118  8:29  Hydralisk  
  118  8:30  Hydralisk x4  
  118  8:31  Hydralisk  
  124  8:54  Queen  
  126  9:09  Hydralisk x14  
  128  9:10  Hydralisk  
  156  9:18  Zergling x8  
  160  9:30  Queen  
  162  9:44  Evolution Chamber  
  161  9:50  Hydralisk x6  
  161  9:51  Hydralisk x5  
  183  9:54  Hatchery  
  182  10:03  Hatchery  
  181  10:07  Spine Crawler  
  181  10:09  Spine Crawler  
  181  10:12  Zergling x12  
  181  10:13  Zergling x12  
  146  10:34  Zergling x2  
  146  10:35  Zergling x20  
  128  10:38  Muscular Augments  
  127  10:52  Zerg Missile Weapons Level 1  
  127  10:53  Zerg Melee Weapons Level 2, Zerg Ground Armor Level 2  
  127  10:59  Hydralisk x7  
  141  11:06  Drone x3  
  144  11:14  Baneling x8  
  144  11:16  Baneling  
  144  11:19  Extractor x2  
  144  11:22  Queen  
  144  11:25  Drone x3  
  147  11:26  Drone x3  
  150  11:33  Zergling x20  
  150  11:34  Zergling x4  
  157  11:46  Spine Crawler, Zergling x12  
  132  11:47  Spine Crawler  
  132  11:52  Zergling x4  
  132  11:53  Zergling x8  
  131  12:03  Zergling x2  
  131  12:04  Zergling x10  
  119  12:12  Zergling x2  
  119  12:13  Zergling x10  
  113  12:19  Hydralisk x5  
  120  12:32  Hydralisk x13  
  146  12:39  Infestation Pit  
  146  12:40  Zergling x2  
  146  12:41  Zergling x6  
  149  12:45  Drone x3  
  149  12:47  Hydralisk x5  
  162  12:59  Hydralisk  
  162  13:00  Hydralisk x6  
  176  13:06  Zergling x2  
  176  13:07  Zergling x14  
  176  13:08  Spine Crawler, Zergling x2  
  176  13:10  Zergling x2  
  176  13:11  Zergling x2  
  186  13:28  Zerg Missile Weapons Level 2  
  186  13:29  Hive  
  186  13:33  Baneling x3  
  186  13:34  Baneling x21  
  186  13:36  Baneling  
  186  13:51  Zergling x28  
  170  14:13  Zergling x4  
  170  14:14  Zergling x50  
  164  14:23  Zergling x2  
  159  14:24  Zergling x16  
  167  14:34  Zergling x18  
  167  14:35  Zergling x2  
  167  14:50  Zergling x2  
  167  14:51  Zergling x26  
  172  15:03  Baneling x15  
  172  15:04  Baneling x8  
  172  15:09  Zergling x8  
Show
View Real Time Build Order
Export as new Build Order

Maximus Terran 

Build Orders: 1/1/1, Liberator Opening, Bio Tank 

Get SALT Encoding   

  12  0:01  SCV  
  13  0:13  SCV  
  14  0:18  Supply Depot  
  14  0:25  SCV  
  14  0:27  Refinery  
  15  0:39  SCV  
  16  0:46  Barracks  
  16  0:51  SCV  
  17  0:58  Refinery  
  17  1:03  SCV  
  18  1:18  SCV  
  19  1:28  Supply Depot  
  19  1:32  Orbital Command  
  19  1:33  Marine  
  20  1:42  Factory  
  20  1:54  Barracks Reactor  
  20  1:59  SCV  
  21  2:11  SCV  
  22  2:27  Starport  
  22  2:29  SCV  
  23  2:36  Armory  
  23  2:39  Hellion x2  
  27  2:45  SCV  
  27  2:46  Supply Depot  
  27  2:50  Supply Depot  
  28  3:00  Hellion, SCV  
  31  3:08  Hellion  
  32  3:22  Hellion, Marine  
  32  3:24  SCV  
  36  3:30  Hellion  
  38  3:37  Medivac  
  40  3:46  Hellion  
  42  3:51  Hellion  
  44  3:58  Liberator  
  44  3:59  SCV  
  44  4:00  Supply Depot  
  45  4:07  Hellion  
  47  4:12  Hellion  
  52  4:27  SCV  
  53  4:40  SCV  
  54  4:47  Command Center  
  39  5:00  Liberator  
  39  5:15  Barracks  
  39  5:16  Barracks  
  39  5:19  Barracks  
  34  5:25  Factory Tech Lab  
  34  5:26  SCV  
  35  5:28  Marine x2  
  35  5:35  Supply Depot  
  37  5:43  Siege Tank  
  37  5:48  Engineering Bay  
  40  5:51  SCV  
  40  5:52  Marine x2  
  43  6:08  Barracks Reactor x2  
  43  6:09  Barracks Tech Lab  
  43  6:11  Orbital Command  
  40  6:13  Marine  
  40  6:14  Marine  
  42  6:20  Starport Reactor  
  42  6:28  Stimpack  
  42  6:29  SCV  
  43  6:33  Siege Tank  
  46  6:40  SCV  
  46  6:41  SCV  
  48  6:50  Marine x4  
  48  6:51  Marine x2  
  48  6:52  SCV  
  48  6:53  SCV  
  56  6:59  Marine  
  57  7:03  Medivac x2  
  57  7:04  SCV  
  57  7:08  Marine x2  
  64  7:13  Marine x4  
  64  7:14  SCV  
  69  7:19  Terran Infantry Weapons Level 1  
  69  7:20  Marine  
  70  7:26  Marine  
  70  7:27  Marine  
  69  7:31  SCV x2, Marine  
  72  7:37  Marine  
  72  7:38  Marine  
  72  7:39  Supply Depot x2  
  72  7:40  Supply Depot  
  74  7:44  Refinery  
  74  8:02  Command Center, Marine x4  
  74  8:03  Marine x2  
  80  8:07  Medivac  
  82  8:13  Marine  
  82  8:16  Siege Tank  
  86  8:20  Marine x4  
  86  8:25  Marine x2  
  92  8:31  Marine  
  87  8:35  Combat Shields  
  87  8:37  Marine  
  87  8:38  Marine x3  
  87  8:39  Barracks  
  90  8:49  Marine x2  
  90  8:50  Marine  
  90  8:52  SCV x2  
  95  8:56  Siege Tank  
  95  9:02  Barracks  
  98  9:04  SCV, Factory  
  98  9:05  Terran Vehicle Weapons Level 1  
  98  9:07  SCV  
  100  9:13  Orbital Command  
  100  9:16  SCV  
  101  9:19  Marine  
  101  9:20  Marine x2  
  101  9:21  SCV  
  105  9:27  Marine x2  
  105  9:28  SCV, Refinery  
  108  9:34  Siege Tank  
  108  9:36  Barracks Tech Lab  
  111  9:39  SCV  
  111  9:40  SCV  
  111  9:41  Marine  
  111  9:42  Marine  
  111  9:44  Medivac, Refinery  
  117  9:54  Factory Tech Lab  
  117  9:55  Marine x4  
  117  9:56  Barracks Reactor  
  112  10:05  Marine  
  112  10:06  Marine x2  
  112  10:07  Siege Tank  
  118  10:10  Marine  
  118  10:13  Marine  
  110  10:24  Marine  
  110  10:25  Siege Tank, Marine x3  
  110  10:26  Marauder, Marine  
  105  10:29  Marauder  
  105  10:31  Marine  
  97  10:39  Siege Tank  
  97  10:42  Marine  
  101  10:43  Marine x5  
  101  10:44  Marine  
  101  10:47  SCV x3, Marine  
  101  10:48  Marine  
  101  10:49  Marine  
  108  10:50  Refinery  
  108  10:55  Terran Infantry Armor Level 1  
  109  10:57  Engineering Bay, Siege Tank  
  109  10:59  Marine  
  109  11:01  Marine x2  
  109  11:02  Supply Depot  
  115  11:05  Supply Depot x2  
  115  11:07  Medivac  
  115  11:09  Supply Depot  
  115  11:11  Siege Tank  
  120  11:22  Marine x2  
  122  11:27  SCV x2  
  122  11:30  Command Center  
  124  11:44  Marine x8  
  115  11:53  Marine  
  115  11:54  Marine  
  106  12:02  Marine x8  
  106  12:04  Siege Tank x2  
  103  12:16  Marine x2  
  103  12:18  Concussive Shells  
  103  12:22  Terran Infantry Weapons Level 2  
  100  12:32  Marine x2  
  100  12:33  Marine x3  
  100  12:34  Marine x2  
  100  12:35  Marauder x2  
  100  12:36  Siege Tank x2  
  117  12:44  Planetary Fortress  
  117  12:46  SCV x3  
  117  12:48  Marine  
  121  12:55  Marine x6  
  121  12:58  SCV x3  
  128  12:59  Medivac  
  128  13:02  Medivac  
  134  13:06  Terran Infantry Armor Level 2  
  134  13:08  Siege Tank  
  134  13:11  Marine x4  
  141  13:17  Siege Tank  
  144  13:20  Marine  
  144  13:21  Marine x5  
  144  13:25  SCV x2  
  144  13:26  SCV x2  
  154  13:28  Marine  
  154  13:29  Medivac, Terran Vehicle Weapons Level 2  
  154  13:32  Medivac  
  159  13:34  Marine  
  159  13:35  Marine x2  
  159  13:37  SCV  
  159  13:38  SCV x2, Marine x2  
  159  13:40  Siege Tank  
  170  13:45  Marine x2  
  172  14:02  Siege Tank  
  172  14:06  Marine  
  172  14:07  SCV x2, Marine x3  
  172  14:08  Medivac, SCV, Marine  
  162  14:11  Marine x2  
  162  14:12  Marine x3  
  118  14:24  Marine  
  101  14:25  Marine x4  
  101  14:29  Marine x5  
  95  14:41  Marine  
  95  14:42  Marine x2  
  95  14:43  Marine x2  
  100  14:47  Marine x5  
  99  14:59  Marine  
  69  15:00  Marine x2  
  69  15:01  Marine x2  
  69  15:04  Marine  
  69  15:05  Marine x4  
  76  15:11  Siege Tank  
  76  15:12  Orbital Command, Siege Tank  
  82  15:17  Marine  
  82  15:18  Marine x2  
  82  15:19  Marine x2  
  83  15:22  Marine  
  83  15:23  Marine x4  
Tags
 
Add a new tag
Caveats
  • Supply blocks, unpowered buildings, or Contaminate may cause inaccurate times.
  • Supply counts are checked every 10 seconds.